Map: 세룰리안 폴 - 래더

Players

Solar - Winner!

  • Race: Zerg Zerg
  • League: Platinum
  • Spawn Location: 1:00

PtitDrogo

  • Race: Protoss Protoss
  • League: Master
  • Spawn Location: 7:00

Event: HomeStory Cup XVIII

VOD

Have the link to the VOD?

Description

Time

  • Played on: Nov. 23, 2018, 9:54 a.m.
  • Length: 8:26

All games in this series

Show
View Real Time Build Order
Export as new Build Order

Solar Zerg - Winner!

Build Orders: Hatch First 

Get SALT Encoding   

  12  0:02  Drone  
  13  0:12  Overlord  
  13  0:17  Drone  
  14  0:31  Drone x2  
  16  0:49  Hatchery  
  15  0:52  Drone  
  15  0:55  Drone  
  17  0:59  Drone  
  18  1:06  Extractor  
  17  1:15  Spawning Pool  
  17  1:18  Drone  
  17  1:22  Drone  
  18  1:28  Drone  
  20  1:40  Drone  
  20  1:51  Hatchery  
  20  1:53  Drone  
  20  2:03  Queen  
  22  2:10  Metabolic Boost  
  22  2:13  Zergling x2  
  23  2:17  Drone  
  23  2:19  Drone  
  25  2:23  Overlord  
  25  2:31  Queen  
  25  2:34  Drone  
  28  2:43  Drone x3  
  31  2:48  Queen  
  33  2:51  Drone  
  33  2:53  Drone  
  35  3:03  Queen  
  35  3:04  Drone  
  37  3:06  Overlord  
  37  3:11  Drone x2  
  39  3:13  Drone  
  39  3:15  Drone  
  39  3:16  Drone  
  39  3:19  Overlord  
  42  3:25  Queen  
  44  3:28  Drone  
  44  3:30  Spore Crawler  
  44  3:32  Drone  
  45  3:34  Zergling x4  
  45  3:37  Zergling x2  
  45  3:38  Zergling x2  
  49  3:43  Drone x3  
  49  3:47  Overlord  
  52  3:51  Drone x2  
  54  3:57  Overlord, Spore Crawler  
  53  4:06  Drone  
  53  4:07  Drone x4  
  58  4:11  Overlord  
  58  4:16  Drone x3  
  60  4:18  Zergling x8  
  60  4:21  Zergling x4  
  66  4:26  Lair  
  66  4:30  Zergling x6  
  68  4:33  Zergling x2  
  68  4:34  Extractor  
  68  4:35  Extractor, Zergling x2  
  68  4:39  Drone x2  
  68  4:41  Drone  
  68  4:43  Drone  
  68  4:45  Drone  
  71  4:46  Drone x2  
  71  4:48  Overlord  
  71  4:52  Overlord  
  73  4:56  Extractor x2  
  73  4:57  Drone x2, Roach Warren  
  73  4:58  Drone  
  72  5:01  Drone x2  
  72  5:03  Drone  
  72  5:05  Drone  
  73  5:08  Drone  
  73  5:09  Drone  
  73  5:11  Drone  
  73  5:12  Drone  
  75  5:16  Drone  
  75  5:17  Drone  
  75  5:20  Drone  
  77  5:28  Drone  
  77  5:29  Spire, Drone x4  
  77  5:31  Drone x3  
  77  5:33  Overlord  
  77  5:35  Drone  
  83  5:36  Drone  
  83  5:39  Overlord  
  83  5:42  Extractor  
  83  5:43  Drone x2  
  83  5:46  Evolution Chamber  
  83  5:47  Overlord  
  83  5:56  Zergling x4  
  83  5:58  Overseer  
  83  5:59  Zergling x2  
  83  6:00  Zergling x2  
  83  6:03  Zergling x4  
  87  6:06  Hatchery  
  87  6:10  Zergling x10  
  90  6:12  Zergling x2  
  90  6:15  Overlord  
  91  6:20  Zerg Melee Weapons Level 1  
  91  6:22  Overseer, Overlord  
  91  6:28  Extractor  
  90  6:32  Extractor  
  89  6:40  Mutalisk x9  
  89  6:43  Mutalisk  
  108  6:48  Drone  
  108  6:49  Drone x3  
  108  6:50  Drone x2  
  114  6:57  Overlord  
  114  7:00  Drone  
  114  7:02  Overlord  
  114  7:03  Drone x2  
  114  7:06  Mutalisk x2  
  114  7:08  Overlord  
  120  7:10  Drone  
  120  7:11  Zergling x2  
  120  7:12  Zergling x4  
  124  7:16  Mutalisk x2  
  124  7:18  Drone  
  124  7:22  Mutalisk  
  131  7:25  Overlord  
  131  7:28  Mutalisk  
  132  7:30  Zergling x2  
  132  7:33  Mutalisk  
  132  7:35  Zergling x12  
  138  7:42  Mutalisk x2  
  137  7:44  Zergling x2  
  137  7:45  Zergling x6  
  137  7:50  Mutalisk  
  135  7:53  Mutalisk  
  135  7:55  Zergling x8  
  135  7:59  Mutalisk  
  135  8:01  Zergling x6  
  135  8:02  Zergling x2  
  143  8:15  Hatchery  
Show
View Real Time Build Order
Export as new Build Order

PtitDrogo Protoss 

Build Orders: 1 Gate Expand, Oracle Opening, Zealot Archon 

Get SALT Encoding   

  12  0:00  Probe  
  13  0:12  Probe  
  14  0:19  Pylon  
  14  0:25  Probe  
  15  0:34  Probe  
  15  0:39  Assimilator  
  15  0:42  Probe  
  16  0:49  Gateway  
  17  0:52  Probe  
  18  1:04  Probe  
  19  1:16  Probe  
  20  1:25  Nexus  
  20  1:36  Cybernetics Core  
  20  1:37  Probe  
  21  1:42  Assimilator  
  21  1:50  Probe  
  21  1:52  Pylon  
  22  2:02  Stalker, Probe  
  23  2:09  Warp Gate  
  23  2:14  Probe  
  26  2:25  Stargate  
  26  2:26  Probe  
  27  2:32  Adept  
  27  2:34  Probe x2  
  29  2:42  Probe x2  
  33  2:52  Probe x2  
  35  3:04  Gateway, Oracle  
  35  3:05  Gateway, Probe  
  36  3:08  Probe  
  37  3:17  Probe  
  41  3:20  Probe  
  41  3:24  Pylon  
  42  3:29  Probe  
  42  3:30  Adept  
  42  3:32  Probe  
  46  3:42  Oracle  
  46  3:46  Probe x2  
  51  3:49  Pylon  
  51  3:58  Probe  
  51  4:01  Probe  
  53  4:04  Pylon  
  53  4:10  Adept  
  53  4:11  Adept x2  
  59  4:17  Nexus  
  59  4:19  Probe x2  
  59  4:22  Pylon  
  61  4:25  Pylon  
  61  4:34  Assimilator, Probe x2  
  61  4:37  Assimilator  
  63  4:46  Probe x2  
  63  4:49  Twilight Council  
  63  4:50  Sentry x2  
  63  4:51  Forge  
  63  4:52  Zealot  
  71  4:58  Probe  
  72  5:07  Protoss Ground Weapons Level 1  
  70  5:15  Probe x2  
  70  5:16  Charge  
  72  5:21  Zealot x3  
  72  5:26  Pylon  
  72  5:27  Probe x2  
  80  5:29  Probe  
  80  5:37  Probe  
  80  5:38  Probe  
  80  5:39  Probe  
  83  5:45  Probe  
  83  5:46  Probe  
  84  5:51  Probe  
  84  5:53  Probe  
  84  5:55  Probe  
  84  5:56  Assimilator  
  85  6:03  Robotics Facility x2  
  85  6:04  Pylon, Probe  
  88  6:05  Pylon, Probe  
  88  6:07  Probe  
  88  6:09  Assimilator  
  90  6:12  Templar Archives  
  90  6:15  Pylon  
  90  6:16  Probe  
  90  6:17  Pylon, Probe  
  92  6:19  Probe  
  93  6:28  Probe  
  93  6:29  Gateway, Probe  
  93  6:30  Gateway  
  93  6:31  Probe  
  93  6:32  Gateway  
  96  6:34  Phoenix  
  96  6:40  Probe  
  101  6:47  Photon Cannon, Stargate  
  101  6:48  Photon Cannon  
  101  6:50  Photon Cannon  
  99  6:58  Phoenix  
  101  7:05  Shield Battery  
  101  7:07  Shield Battery  
  101  7:14  Shield Battery  
  101  7:16  Zealot x3  
  101  7:18  Phoenix  
  101  7:21  Gateway  
  107  7:23  Gateway  
  107  7:25  Phoenix, Gateway  
  107  7:27  Stalker x2  
  105  7:37  High Templar x2  
  105  7:38  Phoenix, High Templar x2  
  105  7:42  Archon x2  
  105  7:51  Phoenix  
  105  7:53  Probe  
  105  7:56  Stalker  
  101  8:05  Stalker  
  94  8:18  Stalker x2  
Tags
 
Add a new tag
Caveats
  • Supply blocks, unpowered buildings, or Contaminate may cause inaccurate times.
  • Supply counts are checked every 10 seconds.